 Dungeon Crawl Stone Soup version 0.29-a0-923-g6e406bff71 (webtiles) character file.

Game seed: 13262122367786430293

383 Malachi the Cutter (level 6, -2/39 HPs)
             Began as an Octopode Brigand on July 28, 2022.
             Slain by Duvessa
             ... wielding a +0 short sword
              (15 damage)
             ... on level 5 of the Dungeon.
             The game lasted 00:05:05 (4195 turns).

Malachi the Cutter (Octopode Brigand)               Turns: 4195, Time: 00:05:06

Health: -2/39      AC:  1    Str: 11    XL:     6   Next: 76%
Magic:  6/6        EV: 12    Int: 15    God:
Gold:   186        SH:  0    Dex: 13    Spells: 5/5 levels left

rFire   . . .      SeeInvis .   t - +3 dagger (venom)
rCold   . . .      Faith    .   (no shield)
rNeg    . . .      Spirit   .   (helmet restricted)
rPois   .          Reflect  .   (no amulet)
rElec   .          Harm     .   (no ring)
rCorr   .          Rampage  .   (no ring)
Will    .....                   (no ring)
Stlth   ++++......              (no ring)
HPRegen 0.13/turn               (no ring)
MPRegen 0.10/turn               (no ring)
                                (no ring)
                                (no ring)

@: no status effects
A: almost no armour, amphibious, 8 rings, camouflage 1, gelatinous body 1,
(nimble swimmer 1), tentacles
a: no special abilities


You were on level 5 of the Dungeon.
You visited 1 branch of the dungeon, and saw 5 of its levels.

You collected 186 gold pieces.

Inventory:

Hand Weapons
 a - a +2 dagger
 t - a +3 dagger of venom (weapon)
Missiles
 b - 13 poisoned darts (quivered)
 c - 3 curare-tipped darts
Jewellery
 d - a ring of magical power
 q - an amulet of faith
Wands
 n - a wand of mindburst (19)
 o - a wand of roots (7)
Scrolls
 g - a scroll of summoning
 h - 3 scrolls of poison
 l - a scroll of enchant armour
 m - a scroll of magic mapping
Potions
 e - 2 potions of heal wounds {unknown}
 f - 6 potions of curing {unknown}
 i - a potion of magic {unknown}
 k - 4 potions of attraction {unknown}
 p - a potion of berserk rage {unknown}


   Skills:
 - Level 2.0 Fighting
 + Level 7.0 Short Blades
 - Level 2.0 Throwing
 - Level 1.0 Dodging
 - Level 5.3 Stealth


You had 5 spell levels left.
You didn't know any spells.
Your spell library contained the following spells:

 Spells                   Type           Power      Damage    Failure   Level
 Ensorcelled Hibernation  Hex/Ice        0%         N/A       38%         2
 Passwall                 Tmut/Erth      0%         N/A       38%         2
 Gell's Gravitas          Tloc           0%         N/A       63%         3
 Lesser Beckoning         Tloc           0%         N/A       63%         3
 Swiftness                Air            0%         N/A       63%         3
 Teleport Other           Tloc           0%         N/A       63%         3


Dungeon Overview and Level Annotations

Branches:
Dungeon (5/15)             Temple (0/1) D:4

Altars:
Ashenzari
Kikubaaqudgha
Trog

Shops:
D:3 (   D:4 (

Annotations:
D:5 Duvessa


Innate Abilities, Weirdness & Mutations

You cannot wear most types of armour.
You are amphibious.
You can wear up to eight rings at the same time.
Your skin changes colour to match your surroundings (Stealth+).
Your rubbery body absorbs attacks. (AC +1, EV +1)
((You are camouflaged when in or above water. (Stealth+)))
You have tentacles for arms and can constrict up to eight enemies at once.


Message History

Your adder dies!
Your adder's corpse dissolves into shadows!
What are your orders? t - Shout!
Orders for allies: a - Attack new target. r - Retreat! s - Stop attacking. g - Guard the area. f - Follow me.
Anything else - Cancel.
Gang up on whom?
Press: ? - help, Dir - move target, f - Duvessa
Aim: Duvessa, wielding a +0 short sword and wearing a +0 leather armour (lightly wounded, berserk, unaware, ally target, hasn't noticed you) Attack!
You swap places.
Duvessa hits your orc with a +0 short sword.
Your orc hits Duvessa with a +0 club.
Duvessa hits your orc with a +0 short sword!!
Your orc dies!
Your orc's corpse dissolves into shadows!
Your phantom hits Duvessa.
Your phantom blinks!
Duvessa blinks!
Something hits your phantom!
Your phantom is destroyed!
Your phantom dissolves into shadows!
You hit Duvessa. Your grab misses Duvessa.
Duvessa is moderately wounded.
Duvessa barely misses you.
You hit Duvessa.
Duvessa is poisoned.
Your grab misses Duvessa. Your squeeze misses Duvessa.
Duvessa is moderately wounded.
You hit Duvessa.
Duvessa looks as sick as possible!
You grab Duvessa. You squeeze Duvessa, but do no damage.
Duvessa is moderately wounded.
You constrict Duvessa, but do no damage.
Duvessa hits you with a +0 short sword!
You hit Duvessa.
Duvessa is heavily wounded.
You constrict Duvessa, but do no damage.
Duvessa hits you with a +0 short sword!
You die...

#.....b..$.....
##.............
#...b).b.b....
#.#.b#b#..#
#...o.....#
#.........#
###.)...###
#####.##
#@eo<.# #######


You could see Duvessa (berserk, extremely poisoned) and an orc.

Vanquished Creatures
  A scorpion (D:4)
  Dowan (D:5)
  An orc priest (D:5)
  2 iguanas (D:4)
  Terence (D:2)
  An orc wizard (D:4)
  6 adders
  5 dart slugs
  3 worms (D:2)
  5 orcs
  5 endoplasms
  3 giant cockroaches
  5 goblins
  6 hobgoblins
  6 kobolds
  A quokka (D:2)
  4 ball pythons
  6 bats
  4 frilled lizards
  6 rats
72 creatures vanquished.

Notes
Turn   | Place    | Note
-------+----------+-------------------------------------------
     0 | D:1      | Malachi the Octopode Brigand began the quest for the Orb.
     0 | D:1      | Reached XP level 1. HP: 14/14 MP: 1/1
   513 | D:1      | Reached XP level 2. HP: 19/19 MP: 2/2
   663 | D:1      | Reached skill level 3 in Short Blades
   936 | D:1      | Reached XP level 3. HP: 24/24 MP: 3/3
  1395 | D:2      | Noticed Terence
  1397 | D:2      | Killed Terence
  1398 | D:2      | Reached skill level 4 in Short Blades
  1402 | D:2      | Reached XP level 4. HP: 29/29 MP: 4/4
  2012 | D:3      | Found a faded altar of an unknown god.
  2115 | D:3      | Found Vougaeps's Weapon Shop.
  2244 | D:3      | Found a broken altar of Ashenzari.
  2724 | D:4      | Noticed a scorpion
  2736 | D:4      | Killed a scorpion
  2737 | D:4      | Reached skill level 5 in Short Blades
  2737 | D:4      | Reached XP level 5. HP: 14/34 MP: 5/5
  2738 | D:4      | Found a staircase to the Ecumenical Temple.
  3040 | D:4      | Identified the +3 ring mail "Ydghoosh" {rCorr MP+9 Str-5}
  3303 | D:4      | Reached skill level 6 in Short Blades
  3308 | D:4      | Reached XP level 6. HP: 19/39 MP: 6/6
  3563 | D:4      | Found Umek's Weapon Boutique.
  3728 | D:4      | Found an ancient bone altar of Kikubaaqudgha.
  4054 | D:4      | Found a bloodstained altar of Trog.
  4158 | D:5      | Entered Level 5 of the Dungeon
  4159 | D:5      | Noticed Dowan
  4161 | D:5      | Noticed Duvessa
  4168 | D:5      | Killed Dowan
  4169 | D:5      | Reached skill level 7 in Short Blades
  4195 | D:5      | Slain by Duvessa

Illustrated notes

Levels and vault maps discovered:
D:1:      eino_arrival_tree_alley, layout_loops_corners,
          dreamdust_princess_corridor, amcnicky_mini_pool_small
D:2:      layout_loops_ring, uniq_terence
D:3:      layout_rooms, mainiacjoe_overflow_small_starburst, serial_forest,
          infiniplex_forest_clump_small, infiniplex_forest_lined_2,
          infiniplex_forest_lined_room_, infiniplex_forest_clump_small,
          infiniplex_forest_straight_1, ebering_ecumenical_altar_hall,
          serial_shops, shop, minmay_misc_feat_roman
D:4:      layout_loops_cross, lemuel_crystal_altar,
          mainiacjoe_overflow_brackets, minmay_temple_entry_ruins, serial_shops,
          nicolae_stop_n_shop_1, gup_sewer_entry_bowl
D:5:      layout_basic, uniq_pikel, uniq_edmund, uniq_duvessa, uniq_menkaure

Skill      XL: |  1  2  3  4  5  6 |
---------------+-------------------+-----
Short Blades   | 3 4 5 6 7 |  7.0
Fighting       | |  2.0
Throwing       | |  2.0
Dodging        | |  1.0
Stealth        | |  5.3

Action                   |  1- 3 |  4- 6 || total
-------------------------+-------+-------++-------
Melee: Dagger            |    38 |   105 ||   143
       Tentacles         |     6 |    20 ||    26
       Constrict         |     5 |    25 ||    30
       Punch             |       |     1 ||     1
  Use: Scroll            |       |    10 ||    10
 Stab: Sleeping          |    12 |    12 ||    24
       Distracted        |     1 |       ||     1
Armor: Skin              |     1 |     5 ||     6
Dodge: Dodged            |    15 |    44 ||    59

Table legend: (Time is in decaauts)
 A = Elapsed time spent in this place.
 B = Non-inter-level travel time spent in this place.
 C = Inter-level travel time spent in this place.
 D = Time resting spent in this place.
 E = Time spent auto-exploring this place.
 F = Levels seen in this place.
 G = Mean time per level.
                   A        B        C        D        E       F      G
               +--------+--------+--------+--------+--------+-----+--------+
         Total |   4158 |   4050 |    108 |    611 |   2924 |   5 |  831.6 |
       Dungeon |   4158 |   4050 |    108 |    611 |   2924 |   5 |  831.6 |
               +--------+--------+--------+--------+--------+-----+--------+

Top non-repeatable levels by time:
     D:4: 1439 daAuts
     D:1: 1200 daAuts
     D:2: 747 daAuts
     D:3: 737 daAuts
     D:5: 34 daAuts
